 Dungeon Crawl Stone Soup version 0.28-a0-1567-g1695149f81 (webtiles) character file.

Game seed: 7179056291837285742

41 cyrus the Covered (level 3, -1/23 HPs)
             Began as a Gargoyle Fighter on Jan 20, 2022.
             Slain by Terence (3 damage)
             ... on level 2 of the Dungeon.
             The game lasted 00:08:31 (912 turns).

cyrus the Covered (Gargoyle Fighter)                 Turns: 912, Time: 00:08:32

Health: -1/23      AC: 10    Str: 19    XL:     3   Next: 52%
Magic:  3/3        EV:  9    Int:  8    God:
Gold:   15         SH:  4    Dex: 11    Spells: 2/2 levels left

rFire   . . .      SeeInvis .   a - +0 war axe
rCold   . . .      Faith    .   c - +0 buckler
rNeg    + . .      Spirit   .   b - +0 scale mail
rPois   ∞          Reflect  .   (no helmet)
rElec   +          Harm     .   (no cloak)
rCorr   .          Rampage  .   (no gloves)
Will    .....                   (no boots)
Stlth   ..........              (no amulet)
HPRegen 0.07/turn               (no ring)
MPRegen 0.08/turn               (no ring)

@: mighty
A: sickness immunity, AC +3, negative energy resistance 1, electricity
resistance, torment resistance 1, petrification resistance
a: no special abilities


You were on level 2 of the Dungeon.
You visited 1 branch of the dungeon, and saw 2 of its levels.

You collected 15 gold pieces.

Inventory:

Hand Weapons
 a - a +0 war axe (weapon)
Missiles
 f - 60 stones (quivered)
Armour
 b - a +0 scale mail (worn)
 c - a +0 buckler (worn)
Jewellery
 g - a +6 ring of intelligence
Scrolls
 e - a scroll of teleportation {unknown}


   Skills:
 + Level 3.6 Fighting
 + Level 2.4 Axes
 + Level 3.7 Armour
 + Level 0.2 Dodging
 + Level 0.2 Stealth
 + Level 3.6 Shields


You had 2 spell levels left.
You didn't know any spells.
Your spell library contained the following spells:

 Spells                   Type           Power      Damage    Failure   Level
 Magic Dart               Conj           0%         1d3       86%         1
 Call Imp                 Summ           0%         N/A       94%         2
 Mephitic Cloud           Conj/Pois/Air  0%         N/A       99%         3


Dungeon Overview and Level Annotations

Branches:
Dungeon (2/15)

Altars:

Shops:
D:1 ?

Annotations:
D:2 Terence


Innate Abilities, Weirdness & Mutations

You are immune to sickness and miasma.
Your stone body is resilient. (AC +3)
You are immune to poison.
You resist negative energy. (rN+)
You are resistant to electric shocks. (rElec)
You are resistant to unholy torment.
You are immune to petrification.


Message History

The rat closely misses you.
You barely miss the rat. The rat bites you but does no damage.
You slash the rat!
You kill the rat!
You see here a rat corpse.
Terence the Incautious comes into view.
He is wielding a +0 flail and wearing a +3 ring mail of fire resistance.
Terence shouts!
Throw: 62 stones
Press: ? - help, Q - select action Shift-Dir - straight line You throw a stone.
Throw: 61 stones
Press: ? - help, Q - select action Shift-Dir - straight line, f - Terence
Aim: Terence, wielding a +0 flail and wearing a +3 ring mail of fire resistance (60% to hit)
You throw a stone. The stone barely misses Terence.
Terence hits you with a +0 flail.
You closely miss Terence. You block Terence's attack.
You hit Terence but do no damage. Terence shouts, "Now you die!"
You block Terence's attack. Terence hits you with a +0 flail.
You closely miss Terence. You block Terence's attack.
You closely miss Terence. Terence hits you with a +0 flail!
You barely miss Terence. Terence hits you with a +0 flail!
* * * LOW HITPOINT WARNING * * *
Terence misses you.
You hit Terence but do no damage. Terence barely misses you.
You hit Terence but do no damage. Terence hits you but does no damage.
Terence closely misses you.
You hit Terence.
Terence is moderately wounded.
Terence hits you with a +0 flail.
* * * LOW HITPOINT WARNING * * *
Terence hits you but does no damage.
You feel very mighty all of a sudden. Terence hits you but does no damage.
Unknown command.
You block Terence's attack.
You hit Terence.
Terence is heavily wounded.
Terence hits you but does no damage. Terence hits you with a +0 flail.
You die...

...........# . #
#####.###..###
#.#.##<#.#.#.....#
... .....#.#.....#
##..##.#.#.†.#...#
#..........#.##..#
#.#.#.#.##...##..#
#........######..#
###........####@@##
#..>............#
....####.#.####...#
#### #.#........#
#.##.[.#...#
#.##...†...##
#.##...<....#
#......#.#..#
####........#


You could see Terence.

Vanquished Creatures
  A dart slug (D:1)
  8 bats (D:1)
  2 endoplasms (D:1)
  A hobgoblin (D:1)
  3 jackals (D:1)
  A quokka (D:1)
  3 ball pythons
  7 frilled lizards (D:1)
  4 goblins (D:1)
  2 kobolds (D:1)
  7 rats
39 creatures vanquished.

Vanquished Creatures (others)
  2 plants (D:1)
2 creatures vanquished.

Grand Total: 41 creatures vanquished

Notes
Turn   | Place    | Note
-------+----------+-------------------------------------------
     0 | D:1      | cyrus the Gargoyle Fighter began the quest for the Orb.
     0 | D:1      | Reached XP level 1. HP: 14/14 MP: 1/1
    52 | D:1      | Reached XP level 2. HP: 19/19 MP: 2/2
   341 | D:1      | Found Duluil's Magic Scroll Shop.
   434 | D:1      | Reached XP level 3. HP: 23/23 MP: 3/3
   886 | D:2      | Noticed Terence
   898 | D:2      | HP: 1/23 [Terence (1)]
   912 | D:2      | Slain by Terence

Illustrated notes

Levels and vault maps discovered:
D:1:      shiori_arrival_oz, layout_basic, serial_shops,
          nicolae_shop_hallway_plus, grunt_decor_fettered, minmay_lizard_king
D:2:      layout_basic, shapermc_ecumenical_altar_venn, uniq_terence

Skill      XL: |  1  2 |
---------------+-------+-----
Axes           | 2 |  2.4
Fighting       | |  3.6
Armour         | |  3.7
Dodging        | |  0.2
Stealth        | |  0.2
Shields        | |  3.6

Action                   || total
-------------------------++-------
Melee: War axe           ||   119
Throw: Stone             ||     2
  Use: Potion            ||     1
Armor: Scale mail        ||    77
Dodge: Dodged            ||    76
Block: Buckler           ||    37

Table legend: (Time is in decaauts)
 A = Elapsed time spent in this place.
 B = Non-inter-level travel time spent in this place.
 C = Inter-level travel time spent in this place.
 D = Time resting spent in this place.
 E = Time spent auto-exploring this place.
 F = Levels seen in this place.
 G = Mean time per level.
                   A        B        C        D        E       F      G
               +--------+--------+--------+--------+--------+-----+--------+
         Total |    964 |    964 |      0 |    103 |    441 |   2 |  482.0 |
       Dungeon |    964 |    964 |      0 |    103 |    441 |   2 |  482.0 |
               +--------+--------+--------+--------+--------+-----+--------+

Top non-repeatable levels by time:
     D:1: 858 daAuts
     D:2: 105 daAuts
